 Dungeon Crawl Stone Soup version 0.31-a0-1469-gd420192249 (webtiles) character file.

Game seed: 6739986181009104022

8341 Laraso the Mimic (level 11, -5/129 HPs)
             Began as a White Draconian Shapeshifter on Dec 28, 2023.
             Was a Priest of Uskayaw.
             Slain by Snorg (12 damage)
             ... on level 10 of the Dungeon.
             The game lasted 00:16:51 (9976 turns).

Laraso the Mimic (White Draconian Shapeshifter)     Turns: 9976, Time: 00:16:51

Health: -5/129     AC: 25    Str: 16    XL:     11   Next: 8%
Magic:  0/16       EV:  2    Int: 10    God:    Uskayaw [***...]
Gold:   602        SH:  0    Dex: 16    Spells: 10/10 levels left

rFire   . .          .
                       - Unarmed
rCold   + . .        (no shield)
rNeg    . . .        (body armour unavailable)
rPois   +            (helmet currently unavailable)
rElec   .            E - melded +1 cloak {rPois}
rCorr   .            d - melded +1 pair of gloves
SInv    +            (boots currently unavailable)
Will    .....        e - amulet of guardian spirit
Stlth   +            m - ring of see invisible
HPRegen 0.41/turn    n - ring of protection from cold
MPRegen 0.15/turn

%: guardian spirit
@: tree-form, very slow
A: stationary, stasis, torment immunity, boosted hp, (breathe frost), AC +7,
unfitting armour, (cold resistance 1), (cold-blooded)
a: Renounce Religion, Stomp, Line Pass


You were on level 10 of the Dungeon.
You worshipped Uskayaw.
Uskayaw was noncommittal.
You were a tree.
You visited 2 branches of the dungeon, and saw 11 of its levels.

You collected 602 gold pieces.

Inventory:

Armour
 d - a +1 pair of gloves (melded)
 x - an orb of mayhem
 E - a +1 cloak of poison resistance (melded)
Jewellery
 e - an amulet of guardian spirit (around neck)
 m - a ring of see invisible (left branch)
 n - a ring of protection from cold (right branch)
 o - a ring of protection from fire
 u - a ring of resist corrosion
 w - a ring of positive energy
Talismans
 b - a beast talisman
 c - a flux talisman (active)
 D - a serpent talisman
Wands
 g - a wand of flame (18)
 k - a wand of acid (2)
 l - a wand of digging (1)
Scrolls
 i - 2 scrolls of immolation
 r - 2 scrolls of fog
 s - 5 scrolls of teleportation
 t - a scroll of poison
 y - 3 scrolls of amnesia
 B - a scroll of identify
Potions
 a - 2 potions of resistance
 f - a potion of brilliance
 h - a potion of magic
 p - 2 potions of attraction
 v - 2 potions of curing
 z - a potion of enlightenment
 A - a potion of ambrosia
 C - a potion of haste


   Skills:
 - Level 5.0 Fighting
 - Level 5.0 Dodging
 - Level 7.0 Unarmed Combat
 - Level 7.0 Invocations
 + Level 12.3 Shapeshifting


You had 10 spell levels left.
You didn't know any spells.
Your spell library contained the following spells:

 Spells                   Type           Power      Damage    Failure   Level
 Apportation              Tloc           0%         N/A       36%         1
 Necrotise                Necr           0%         1d4       36%         1
 Sting                    Conj/Alch      0%         1d3       36%         1
 Summon Small Mammal      Summ           0%         N/A       36%         1
 Vhi's Electric Charge    Tloc/Air       0%         N/A       98%         4
 Arcjolt                  Conj/Air       0%         1d10      100%        5
 Maxwell's Capacitive Co  Air            0%         ∞         100%        8


Dungeon Overview and Level Annotations

Branches:
Dungeon (10/15)            Temple (1/1) D:5
   Lair: D:8-11         Orc: D:9-12

Altars:
Ashenzari
Cheibriados
Dithmenos
Elyvilon
Fedhas
Gozag
Hepliaklqana
Nemelex Xobeh
Okawaru
Ru
Sif Muna
Trog
Uskayaw
Vehumet
Wu Jian
Xom
Yredelemnul
Zin
The Shining One

Shops:
D:1 [   D:8 [

Annotations:
D:4 3 runed translucent doors, Azoth's ghost, amateur DsNe; Sonofthefire's ghost, weakling OpSh; tgirl's ghost, amateur GnEn
D:7 2 transporters, grandjackal's ghost, novice OnWr
D:10 Snorg


Innate Abilities, Weirdness & Mutations

You are a tree.
Your roots penetrate the ground, keeping you stationary.
You cannot be teleported.
You are immune to unholy pain and torment.
Your maximum health is greatly increased.
Your equipment is partially melded.
((You can breathe waves of freezing cold which knock back foes.))
((Your icy white scales are hard. (AC +7)))
You cannot fit into any form of body armour.
((Your flesh is cold resistant. (rC+)))
((You are cold-blooded and may be slowed by cold attacks.))


Message History

You feel much better. Snorg bites you.
* * * LOW HITPOINT WARNING * * *
Snorg claws you but does no damage. Snorg barely misses you.
Unknown command.
Unknown command.
Unknown command.
You smack Snorg!
Snorg is almost dead.
Snorg completely misses you. Snorg claws you but does no damage.
Snorg claws you.
* * * LOW HITPOINT WARNING * * *
Snorg bites you.
* * * LOW HITPOINT WARNING * * *
Snorg claws you but does no damage. Snorg claws you.
* * * LOW HITPOINT WARNING * * *
Uskayaw will force your foes to helplessly watch your dance.
Unknown command.
Unknown command.
Unknown command.
You hit Snorg but do no damage.
Snorg is almost dead.
Snorg bites you.
* * * LOW HITPOINT WARNING * * *
Snorg claws you but does no damage. Snorg claws you.
* * * LOW HITPOINT WARNING * * *
Unknown command.
Unknown command.
Aiming: Corrosive Bolt
Press: ? - help, Shift-Dir - straight line, f/p - Snorg
Aim: Snorg (almost dead, berserk, contaminated, misshapen and mutated, 81% to hit)
The bolt of acid hits Snorg!!
The acid corrodes Snorg!
Snorg is almost dead.
Snorg bites you.
* * * LOW HITPOINT WARNING * * *
Snorg claws you.
* * * LOW HITPOINT WARNING * * *
Snorg claws you.
* * * LOW HITPOINT WARNING * * *
Snorg bites you!
You die...

#.#######.# #.# #.# #.#
#)# #.#.# #.#.# .# #
#.#.#####.####
.###.#.##....#..#
....#.♣#.......
#.##..#..T...... ####
#.##..#.....~#.#..
.....##.##.#............
.......#..##......[#....
.......o..#.#.....##..#.
..........o#...#.## ..#
.........o#~...#..#. ..
......oo..o#.........


You could see Snorg (berserk, contam, misshapen, corroded).

Vanquished Creatures
  A two-headed ogre (D:9)
  Pikel (D:8)
  Maurice (D:8)
  A manticore (D:9)
  Joseph (D:8)
  A kobold demonologist (D:10)
  Jeremiah (D:8)
  A rime drake (D:10)
  A komodo dragon (D:10)
  Prince Ribbit (D:8)
  6 yaks (D:8)
  3 steam dragons
  2 water moccasins
  An orc warrior (D:9)
  2 ice beasts (D:10)
  2 sky beasts
  2 ogres
  4 wolves
  A phantom (D:5)
  2 kobold brigands (D:10)
  2 lemures (D:7)
  4 bullfrogs
  2 scorpions
  4 wights (D:8)
  14 killer bees
  A howler monkey (D:6)
  6 orc priests
  A bombardier beetle (D:5)
  2 gnoll boudas (D:7)
  5 hounds
  3 jellies
  10 iguanas
  3 orc wizards
  A mummy (D:8)
  13 gnolls
  6 adders
  A shadow imp (D:8)
  3 white imps
  2 ufetubi (D:6)
  6 worms
  2 dart slugs (D:1)
  28 orcs
  7 bats
  4 endoplasms
  4 giant cockroaches
  8 hobgoblins
  4 jackals (D:5)
  A quokka (D:3)
  6 ball pythons
  7 goblins
  15 kobolds
  6 rats
216 creatures vanquished.

Notes
Turn   | Place    | Note
-------+----------+-------------------------------------------
     0 | D:1      | Laraso the Draconian Shapeshifter began the quest for the
                  | Orb.
     0 | D:1      | Reached XP level 1. HP: 16/16 MP: 1/1
    88 | D:1      | Found Dustunn's Armour Shoppe.
   100 | D:1      | Reached XP level 2. HP: 23/23 MP: 2/2
   831 | D:1      | Reached XP level 3. HP: 26/28 MP: 3/3
  1249 | D:2      | Reached XP level 4. HP: 30/35 MP: 4/4
  1548 | D:2      | Identified the +0 ring mail of Gempisir {Int+3}
  1734 | D:3      | Found an opulent altar of Gozag.
  2085 | D:3      | Found a glowing silver altar of Zin.
  2332 | D:4      | Reached skill level 5 in Unarmed Combat
  2332 | D:4      | Reached skill level 4 in Shapeshifting
  2332 | D:4      | Reached XP level 5. HP: 31/40 MP: 5/5
  2383 | D:4      | Found a runed translucent gate.
  2384 | D:4      | Found a runed translucent gate.
  2386 | D:4      | Found a runed translucent gate.
  2959 | D:4      | Reached XP level 6. HP: 47/47 MP: 6/6
  3006 | D:4      | Noticed a moth of wrath
  3009 | D:4      | Found a bloodstained altar of Trog.
  3390 | D:4      | Noticed Sonofthefire's ghost (weakling OpSh)
  3390 | D:4      | Noticed tgirl's ghost (amateur GnEn)
  3390 | D:4      | Noticed Azoth's ghost (amateur DsNe)
  3603 | D:5      | Entered Level 5 of the Dungeon
  3865 | D:5      | Found a staircase to the Ecumenical Temple.
  3926 | Temple   | Entered the Ecumenical Temple
  4313 | D:5      | Found a radiant altar of Vehumet.
  4321 | D:5      | Your scales start taking on an icy white colour.
  4321 | D:5      | Reached XP level 7. HP: 52/52 MP: 7/7
  4321 | D:5      | Gained mutation: Your flesh is cold resistant. (rC+) [White
                  | Draconian growth]
  4368 | D:5      | Reached skill level 5 in Shapeshifting
  4402 | D:5      | Found a white marble altar of Elyvilon.
  4451 | D:5      | Found a basalt altar of Yredelemnul.
  4575 | D:5      | Found a sparkling altar of Nemelex Xobeh.
  4715 | D:5      | Reached skill level 6 in Shapeshifting
  5035 | D:6      | Reached XP level 8. HP: 45/59 MP: 8/8
  5044 | D:6      | Reached skill level 7 in Shapeshifting
  5400 | D:6      | Reached skill level 8 in Shapeshifting
  5888 | D:7      | Noticed grandjackal's ghost (novice OnWr)
  5888 | D:7      | Noticed a troll
  5901 | D:7      | Noticed a moth of wrath
  5903 | D:7      | Found a bloodstained altar of Trog.
  5910 | D:7      | Found a transporter.
  5917 | D:7      | Found a transporter.
  6483 | D:7      | Found a hide-covered altar of Uskayaw.
  6483 | D:7      | Found a sacrificial altar of Ru.
  6489 | D:7      | Became a worshipper of Uskayaw the Reveller
  6549 | D:7      | Found a glowing golden altar of the Shining One.
  6602 | D:7      | Reached * piety under Uskayaw
  6608 | D:7      | Reached ** piety under Uskayaw
  6614 | D:7      | Reached *** piety under Uskayaw
  6620 | D:7      | Reached **** piety under Uskayaw
  6731 | D:7      | Reached XP level 9. HP: 71/71 MP: 9/9
  6773 | D:7      | Identified the +5 rapier "Hifet" {heavy, +Blink rC- rN++
                  | Int+3}
  7113 | D:8      | Noticed Joseph
  7253 | D:8      | Killed Joseph
  7287 | D:8      | Noticed Pikel
  7304 | D:8      | Killed Pikel
  7305 | D:8      | Reached skill level 5 in Fighting
  7305 | D:8      | Reached skill level 9 in Shapeshifting
  7313 | D:8      | Reached skill level 5 in Dodging
  7314 | D:8      | Reached ***** piety under Uskayaw
  7380 | D:8      | Noticed Maurice
  7384 | D:8      | Maurice stole a serpent talisman
  7391 | D:8      | Killed Maurice
  7392 | D:8      | Reached skill level 10 in Shapeshifting
  7425 | D:8      | Noticed Jeremiah
  7479 | D:8      | Killed Jeremiah
  7561 | D:8      | Identified the +1 chain mail of Xom's Envy {rPois}
  7593 | D:8      | Reached XP level 10. HP: 79/81 MP: 8/10
  7676 | D:8      | Reached skill level 1 in Invocations
  7807 | D:8      | Found a snail-covered altar of Cheibriados.
  7807 | D:8      | Noticed Prince Ribbit
  7813 | D:8      | Killed Prince Ribbit
  7901 | D:8      | Found Lodbrok's Dragon-Slaying Spoils.
  8035 | D:9      | Noticed a manticore
  8304 | D:8      | Reached skill level 11 in Shapeshifting
  8486 | D:9      | Killed a manticore
  8487 | D:9      | Reached skill level 5 in Invocations
  9186 | D:9      | Noticed a two-headed ogre
  9195 | D:9      | Killed a two-headed ogre
  9448 | D:10     | Entered Level 10 of the Dungeon
  9498 | D:10     | Noticed Snorg
  9726 | D:10     | Reached skill level 12 in Shapeshifting
  9802 | D:10     | Reached XP level 11. HP: 86/86 MP: 16/16
  9976 | D:10     | Slain by Snorg

Illustrated notes

Levels and vault maps discovered:
D:1:      dpeg_arrival_connections, layout_basic, serial_shops,
          nicolae_diamond_shop
D:2:      cheibrodos_pilgrimage, layout_rooms
D:3:      layout_loops_cross, pdpol_temple_overflow_zin_treasury_gozag_greed,
          serial_bayou_pond_b
D:4:      layout_basic, tgw_trog, gammafunk_ghost_cemetery,
          hangedman_decor_lopped, minivault_4, kennysheep_generic_room_10
D:5:      layout_basic, lemuel_doored_altar, yredelemnul_altar_generic,
          mainiacjoe_overflow_alcove_1, nicolae_vehumet_altar_sigil,
          minmay_temple_entry_waves
D:6:      layout_loops_ring
D:7:      layout_basic, mainiacjoe_overflow_paths,
          gammafunk_temple_overflow_elements, gammafunk_ghost_wrathful_warriors,
          serial_co_window_serial, co_window_paths_a,
          co_window_of_opportunity_a, co_window_paths_a, co_window_paths_b,
          co_window_paths_a, co_window_unsneaky_path_e, co_window_broadway_a,
          co_window_of_opportunity_b, co_window_cross_4, co_window_2corner,
          nrook_mini_vaults
D:8:      layout_rooms, slow_altar_2, nicolae_shop_dragon_depot, uniq_pikel,
          uniq_joseph, uniq_maurice, uniq_prince_ribbit1, uniq_jeremiah
D:9:      layout_basic, st_stairs_4
D:10:     layout_loops_ring, jmf_multi_god_temple2,
          nicolae_kikubaaqudgha_miasma_corner, hellmonk_lair_entry_icy,
          minmay_orc_entry_guard_dogs, uniq_snorg, uniq_urug
Temple:   nicolae_temple_superstar

Skill      XL: |  1  2  3  4  5  6  7  8  9 10 |
---------------+-------------------------------+-----
Unarmed Combat | 4 5 6 7 |  7.0
Shapeshifting  | 4 6 8 10 12 | 12.3
Dodging        | 3 5 |  5.0
Fighting       | 3 5 |  5.0
Invocations    | 7 |  7.0

Action                     |  1- 3 |  4- 6 |  7- 9 | 10-12 || total
---------------------------+-------+-------+-------+-------++-------
  Melee: Unarmed           |   102 |   161 |   320 |   252 ||   835
         Tailslap          |     8 |    18 |    59 |    35 ||   120
         Punch             |     4 |     9 |     3 |       ||    16
         Constrict         |       |       |       |     6 ||     6
 Invoke: Stomp             |       |       |       |     1 ||     1
Ability: Breathe Frost     |       |       |     5 |     2 ||     7
         Begin Untransform |       |       |     1 |       ||     1
  Evoke: Wand              |       |       |     3 |     5 ||     8
    Use: Scroll            |     2 |     7 |     8 |     4 ||    21
         Potion            |       |     1 |     1 |     3 ||     5
   Stab: Sleeping          |       |     1 |     1 |       ||     2
         Paralysed         |       |       |     7 |    19 ||    26
 Armour: Skin              |    49 |   107 |   136 |   163 ||   455
  Dodge: Dodged            |    72 |    88 |   214 |   305 ||   679
   Form: Beast             |       |       |     2 |       ||     2
         Flux              |       |       |     2 |     1 ||     3
         Serpent           |       |       |       |     1 ||     1

Table legend: (Time is in decaauts)
 A = Elapsed time spent in this place.
 B = Non-inter-level travel time spent in this place.
 C = Inter-level travel time spent in this place.
 D = Time resting spent in this place.
 E = Time spent auto-exploring this place.
 F = Levels seen in this place.
 G = Mean time per level.
                   A        B        C        D        E       F      G
               +--------+--------+--------+--------+--------+-----+--------+
         Total |   9901 |   9563 |    338 |   1875 |   5653 |  11 |  900.1 |
       Dungeon |   9899 |   9561 |    338 |   1875 |   5653 |  10 |  989.9 |
        Temple |      1 |      1 |      0 |      0 |      0 |   1 |    1.0 |
               +--------+--------+--------+--------+--------+-----+--------+

Top non-repeatable levels by time:
     D:4: 1497 daAuts
     D:7: 1333 daAuts
     D:8: 1198 daAuts
     D:9: 1181 daAuts
     D:6: 980 daAuts
     D:5: 967 daAuts
     D:1: 966 daAuts
     D:3: 852 daAuts
     D:2: 595 daAuts
    D:10: 327 daAuts
  Temple: 1 daAuts
